 Dungeon Crawl Stone Soup version 0.25-a0-51-gc466198 (webtiles) character file.

Game seed: 8508489597655906648, levelgen mode: deterministic

38 qdestroyer the Sneak (level 3, 0/18 HPs)
             Began as a Spriggan Assassin on Oct 24, 2019.
             Succumbed to an adder's poison
             ... on level 2 of the Dungeon.
             The game lasted 00:01:37 (1072 turns).

qdestroyer the Sneak (Spriggan Assassin)            Turns: 1072, Time: 00:01:38

Health: 0/18       AC:  3    Str:  7    XL:     3   Next: 25%
Magic:  4/4        EV: 17    Int: 12    God:
Gold:   145        SH:  0    Dex: 18    Spells: 2/2 levels left

rFire    . . .     SeeInvis +   a - +2 dagger
rCold    . . .     Gourm    .   (shield restricted)
rNeg     . . .     Faith    .   b - +0 robe
rPois    .         Spirit   .   (helmet restricted)
rElec    .         Reflect  .   c - +0 cloak
rCorr    .         Harm     .   (gloves unavailable)
MR       .....                  (boots unavailable)
Stlth    ++++......             j - amulet of inaccuracy (curse)
HPRegen  0.06/turn              (no ring)
MPRegen  0.09/turn              (no ring)

@: lethally poisoned (0 -> -7), very quick
A: very small, unfitting armour, see invisible, herbivore, speed 3, slow
metabolism 2
a: no special abilities


You were on level 2 of the Dungeon.
You were not hungry.

You visited 1 branch of the dungeon, and saw 2 of its levels.

You collected 145 gold pieces.

Inventory:

Hand Weapons
 a - a +2 dagger (weapon)
Missiles
 d - 8 poisoned darts (quivered)
 e - 2 curare-tipped darts
Armour
 b - a +0 robe (worn)
 c - a +0 cloak (worn)
Jewellery
 j - a cursed amulet of inaccuracy (around neck)
 m - an uncursed amulet of regeneration {unknown}
Scrolls
 g - a scroll of magic mapping
Potions
 h - 2 potions of heal wounds {unknown}
 i - 3 potions of might {unknown}
 k - a potion of lignification {unknown}
 l - 2 potions of brilliance {unknown}
 n - a potion of agility {unknown}
 o - a potion of flight {unknown}
Comestibles
 f - 3 rations


   Skills:
 + Level 1.8 Fighting
 + Level 2.4 Short Blades
 + Level 2.0 Throwing
 + Level 1.6 Dodging
 * Level 7.2 Stealth


You had 2 spell levels left.
You didn't know any spells.
Your spell library contained the following spells:

 Spells                   Type           Power        Failure   Level  Hunger
 Animate Skeleton         Necr           N/A          32%         1    ##.....
 Apportation              Tloc           #.....       32%         1    ##.....
 Confusing Touch          Hex            #.....       32%         1    ##.....
 Summon Small Mammal      Summ           #...         32%         1    ##.....


Dungeon Overview and Level Annotations

Branches:
Dungeon (2/15)

Altars:


Innate Abilities, Weirdness & Mutations

You are very small and have problems with some larger weapons.
You are too small for most types of armour.
You have supernaturally acute eyesight. (SInv)
You are a herbivore.
You cover ground extremely quickly.
You need to consume almost no food.


Message History

The adder poisons you!
You miss the adder.
The adder is severely wounded.
* * * LOW HITPOINT WARNING * * *
You feel sick. The adder closely misses you.
You closely miss the adder.
The adder is severely wounded.
The adder misses you.
You closely miss the adder.
The adder is severely wounded.
* * * LOW HITPOINT WARNING * * *
You feel sick. The adder completely misses you.
You hit the adder.
The adder is severely wounded.
The adder bites you.
* * * LOW HITPOINT WARNING * * *
The adder misses you.
You hit the adder.
The adder is almost dead.
You die...

########.......<......
.S........##...#.#.#..
.$..........###.#.##.
#..#.##.........##.
######.....#.#####......
.........#....####.#....
.####....#.........#..##
###...............##....
.......@......###..#...#
....#.##S...............
.####. #.##..#.##.......
#. ..##.....#.......
..#.##.............. .
............
............
..########.. ##.


You could see an adder.

Vanquished Creatures
  An adder (D:2)
  An ooze (D:1)
  2 dart slugs
  3 giant cockroaches
  4 goblins
  A hobgoblin (D:1)
  2 jackals (D:1)
  A ball python (D:1)
  A bat (D:1)
  2 frilled lizards
  3 rats
21 creatures vanquished.

Notes
Turn   | Place    | Note
-------+----------+-------------------------------------------
     0 | D:1      | qdestroyer the Spriggan Assassin began the quest for the
                  | Orb.
     0 | D:1      | Reached XP level 1. HP: 10/10 MP: 2/2
   164 | D:1      | Reached skill level 6 in Stealth
   174 | D:1      | Reached XP level 2. HP: 10/15 MP: 3/3
   442 | D:1      | You fall into a shaft and drop 1 floor!
   949 | D:2      | Reached skill level 7 in Stealth
  1007 | D:2      | Reached XP level 3. HP: 17/18 MP: 4/4
  1072 | D:2      | Succumbed to an adder's poison

Levels and vault maps discovered:
D:1:      lemuel_arrival_muddy, layout_basic, chequers_jeans, hex_tiny
D:2:      layout_rooms, first_ration, minivault_5, minmay_misc_feat_x

Skill      XL: |  1  2 |
---------------+-------+-----
Stealth        | 6 7 |  7.2
Fighting       | |  1.8
Short Blades   | |  2.4
Throwing       | |  2.0
Dodging        | |  1.6

Action                   || total
-------------------------++-------
Melee: Dagger            ||   100
  Use: Scroll            ||     1
 Stab: Sleeping          ||     4
Armor: Robe              ||    13
Dodge: Dodged            ||    64

Table legend:
 A = Non-vault XP
 B = Vault XP
 C = Vault XP percentage of total XP
 D = Non-vault monster count
 E = Vault monster count
 F = Vault count percentage of total count
                 A         B        C        D         E       F
            +---------+---------+-------+---------+---------+-------
      Total |      55 |       0 |   0.0 |      21 |       0 |   0.0
            +---------+---------+-------+---------+---------+-------
        D:1 |      32 |       0 |   0.0 |      15 |       0 |   0.0
        D:2 |      23 |       0 |   0.0 |       6 |       0 |   0.0
            +---------+---------+-------+---------+---------+-------
